 Dungeon Crawl Stone Soup version 0.26-a0-683-g5206c1d7ac (webtiles) character file.

Game seed: 18430567511273663103

120 reriks the Shield-Bearer (level 5, -10/47 HPs)
             Began as a Gnoll Fighter on Oct 22, 2020.
             Killed by nerve-wracking pain
             ... invoked by Grinder
              (14 damage)
             ... on level 3 of the Dungeon.
             The game lasted 00:01:29 (1874 turns).

reriks the Shield-Bearer (Gnoll Fighter)            Turns: 1874, Time: 00:01:30

Health: -10/47     AC: 12    Str: 19    XL:     5   Next: 4%
Magic:  6/6        EV:  8    Int: 11    God:
Gold:   77         SH: 10    Dex: 14    Spells: 6/6 levels left

rFire    . . .     SeeInvis .   a - +0 war axe
rCold    . . .     Faith    .   c - +0 kite shield
rNeg     . . .     Spirit   .   b - +0 scale mail
rPois    .         Reflect  .   f - +0 helmet
rElec    .         Harm     .   (no cloak)
rCorr    .         Rampage  .   k - +0 pair of gloves
MR       .....                  h - +1 pair of boots
Stlth    ..........             (no amulet)
HPRegen  0.15/turn              (no ring)
MPRegen  0.10/turn              (no ring)

@: no status effects
A: distributed training, fangs 1, strong nose
a: no special abilities


You were on level 3 of the Dungeon.
You visited 1 branch of the dungeon, and saw 3 of its levels.

You collected 77 gold pieces.

Inventory:

Hand Weapons
 a - a +0 war axe (weapon)
Armour
 b - a +0 scale mail (worn)
 c - a +0 kite shield (worn)
 f - a +0 helmet (worn)
 h - a +1 pair of boots (worn)
 k - a +0 pair of gloves (worn)
Scrolls
 e - 2 scrolls of identify {unknown}
 l - 3 scrolls of remove curse {unknown}
 m - a scroll of amnesia {unknown}
 n - a scroll of enchant weapon {unknown}
Potions
 d - a potion of might
 g - 3 potions of curing
 i - a potion of invisibility {unknown}
 j - a potion of cancellation {unknown}


   Skills:
 + Level 6.6 Fighting
 + Level 1.3 Short Blades
 + Level 1.3 Long Blades
 + Level 4.7 Axes
 + Level 1.3 Maces & Flails
 + Level 1.3 Polearms
 + Level 1.3 Staves
 + Level 1.3 Slings
 + Level 1.3 Bows
 + Level 1.3 Crossbows
 + Level 1.3 Throwing
 + Level 6.6 Armour
 + Level 1.3 Dodging
 + Level 1.3 Stealth
 + Level 6.6 Shields
 + Level 1.3 Unarmed Combat
 + Level 1.3 Spellcasting
 + Level 1.0 Conjurations
 + Level 1.0 Hexes
 + Level 1.0 Summonings
 + Level 1.0 Necromancy
 + Level 1.0 Translocations
 + Level 1.0 Transmutations
 + Level 1.0 Fire Magic
 + Level 1.0 Ice Magic
 + Level 1.0 Air Magic
 + Level 1.0 Earth Magic
 + Level 1.0 Poison Magic
 + Level 1.4 Invocations
 + Level 1.3 Evocations


You had 6 spell levels left.
You didn't know any spells.
Your spell library was empty.

Dungeon Overview and Level Annotations

Branches:
Dungeon (3/15)

Altars:
Vehumet

Annotations:
D:3 Grinder


Innate Abilities, Weirdness & Mutations

Your experience applies equally to all skills.
You have very sharp teeth.
Your uncanny sense of smell can sniff out nearby items.


Message History

Grinder is severely wounded.
Grinder gestures at you. Pain shoots through your body!
You slash Grinder!
Grinder is almost dead.
Grinder hits you but does no damage. Grinder gestures at you.
You resist with significant effort.
You closely miss Grinder.
Grinder is almost dead.
Grinder hits you but does no damage.
You closely miss Grinder.
Grinder is almost dead.
Grinder hits you!
* * * LOW HITPOINT WARNING * * *
You writhe in agony.
* * * LOW HITPOINT WARNING * * *
Grinder gestures at you. Pain shoots through your body!
You die...

##########
#...[....
#........
#.......
##.......
.....##5####
#......@..####
#..........!....
#.....(...######
##..........#
#........†..###
#........†....#
##.###.###.##...#
## ## ### ##....
...


You could see Grinder.

Vanquished Creatures
  5 adders
  2 oozes (D:1)
  A worm (D:2)
  A dart slug (D:2)
  3 leopard geckos
  7 bats
  6 giant cockroaches
  9 goblins
  6 hobgoblins
  A quokka (D:2)
  3 ball pythons
  A frilled lizard (D:3)
  6 kobolds
  8 rats
59 creatures vanquished.

Notes
Turn   | Place    | Note
-------+----------+-------------------------------------------
     0 | D:1      | reriks the Gnoll Fighter began the quest for the Orb.
     0 | D:1      | Reached XP level 1. HP: 23/23 MP: 1/1
   126 | D:1      | Reached XP level 2. HP: 26/29 MP: 2/2
   399 | D:1      | Reached XP level 3. HP: 35/35 MP: 3/3
   483 | D:1      | Reached skill level 1 in Invocations
  1078 | D:2      | Found a faded altar of an unknown god.
  1312 | D:2      | Reached skill level 1 in Short Blades
  1312 | D:2      | Reached skill level 1 in Long Blades
  1312 | D:2      | Reached skill level 1 in Maces & Flails
  1312 | D:2      | Reached skill level 1 in Polearms
  1312 | D:2      | Reached skill level 1 in Staves
  1312 | D:2      | Reached skill level 1 in Slings
  1312 | D:2      | Reached skill level 1 in Bows
  1312 | D:2      | Reached skill level 1 in Crossbows
  1312 | D:2      | Reached skill level 1 in Throwing
  1312 | D:2      | Reached skill level 1 in Dodging
  1312 | D:2      | Reached skill level 1 in Stealth
  1312 | D:2      | Reached skill level 1 in Unarmed Combat
  1312 | D:2      | Reached skill level 1 in Spellcasting
  1312 | D:2      | Reached skill level 1 in Evocations
  1393 | D:2      | Reached XP level 4. HP: 41/41 MP: 5/5
  1546 | D:2      | Found a radiant altar of Vehumet.
  1749 | D:2      | Reached skill level 1 in Conjurations
  1749 | D:2      | Reached skill level 1 in Hexes
  1749 | D:2      | Reached skill level 1 in Summonings
  1749 | D:2      | Reached skill level 1 in Necromancy
  1749 | D:2      | Reached skill level 1 in Translocations
  1749 | D:2      | Reached skill level 1 in Transmutations
  1749 | D:2      | Reached skill level 1 in Fire Magic
  1749 | D:2      | Reached skill level 1 in Ice Magic
  1749 | D:2      | Reached skill level 1 in Air Magic
  1749 | D:2      | Reached skill level 1 in Earth Magic
  1749 | D:2      | Reached skill level 1 in Poison Magic
  1844 | D:3      | Noticed Grinder
  1854 | D:3      | Reached XP level 5. HP: 33/47 MP: 6/6
  1864 | D:3      | Paralysed by Grinder for 2 turns
  1874 | D:3      | Killed from afar by Grinder

Illustrated notes

Levels and vault maps discovered:
D:1:      tarquinn_simple_flora_water_e, layout_basic,
          kennysheep_decorative_pillar, minmay_misc_feat_doors,
          minmay_misc_feat_more_columns
D:2:      layout_loops_corners, fiery_altar_vehumet,
          chequers_ecumenical_altar_simple
D:3:      layout_rooms, grunt_decor_resistance, uniq_jessica, uniq_natasha,
          uniq_grinder

Skill      XL: |  1  2  3  4 |
---------------+-------------+-----
Invocations    | 1 |  1.4
Short Blades   | 1 |  1.3
Long Blades    | 1 |  1.3
Maces & Flails | 1 |  1.3
Polearms       | 1 |  1.3
Staves         | 1 |  1.3
Slings         | 1 |  1.3
Bows           | 1 |  1.3
Crossbows      | 1 |  1.3
Throwing       | 1 |  1.3
Dodging        | 1 |  1.3
Stealth        | 1 |  1.3
Unarmed Combat | 1 |  1.3
Spellcasting   | 1 |  1.3
Evocations     | 1 |  1.3
Conjurations   | 1 |  1.0
Hexes          | 1 |  1.0
Summonings     | 1 |  1.0
Necromancy     | 1 |  1.0
Translocations | 1 |  1.0
Transmutations | 1 |  1.0
Fire Magic     | 1 |  1.0
Ice Magic      | 1 |  1.0
Air Magic      | 1 |  1.0
Earth Magic    | 1 |  1.0
Poison Magic   | 1 |  1.0
Fighting       | |  6.6
Axes           | |  4.7
Armour         | |  6.6
Shields        | |  6.6

Action                   |  1- 3 |  4- 6 || total
-------------------------+-------+-------++-------
Melee: War axe           |   105 |    51 ||   156
       Bite              |     8 |     6 ||    14
Armor: Scale mail        |    32 |    37 ||    69
Dodge: Dodged            |    34 |    12 ||    46
Block: Kite shield       |    58 |    30 ||    88

Table legend: (Time is in decaauts)
 A = Elapsed time spent in this place.
 B = Non-inter-level travel time spent in this place.
 C = Inter-level travel time spent in this place.
 D = Time resting spent in this place.
 E = Time spent auto-exploring this place.
 F = Levels seen in this place.
 G = Mean time per level.
                   A        B        C        D        E       F      G
               +--------+--------+--------+--------+--------+-----+--------+
         Total |   1925 |   1861 |     64 |      0 |   1475 |   3 |  641.7 |
       Dungeon |   1925 |   1861 |     64 |      0 |   1475 |   3 |  641.7 |
               +--------+--------+--------+--------+--------+-----+--------+

Top non-repeatable levels by time:
     D:1: 1072 daAuts
     D:2: 813 daAuts
     D:3: 39 daAuts
